 Dungeon Crawl Stone Soup version 0.28.0 (webtiles) character file.

Game seed: 7163962805322743082

6504 HallandMoats the Blocker (level 11, -6/87 HPs)
             Began as a Formicid Fighter on Feb 7, 2022.
             Was an Elder of Okawaru.
             Mangled by Erolcha (37 damage)
             ... on level 9 of the Dungeon.
             The game lasted 00:15:52 (12307 turns).

HallandMoats the Blocker (Formicid Fighter)        Turns: 12307, Time: 00:15:53

Health: -6/87      AC: 10    Str: 27    XL:     11   Next: 19%
Magic:  11/11      EV: 14    Int: 11    God:    Okawaru [****..]
Gold:   293        SH:  8    Dex: 18    Spells: 10/10 levels left

rFire   . . .      SeeInvis +   a - +4 hand axe (chaos)
rCold   . . .      Faith    .   c - +1 buckler
rNeg    . . .      Spirit   .   G - +1 ring mail "Faoll" {Str+7 Int+2 Dex+4}
rPois   +          Reflect  .   (helmet unavailable)
rElec   .          Harm     .   e - +0 cloak {Will+}
rCorr   +          Rampage  .   (no gloves)
Will    ++...                   k - +0 pair of boots
Stlth   +.........              (no amulet)
HPRegen 0.24/turn               J - ring of resist corrosion
MPRegen 0.12/turn               F - ring of poison resistance

@: no status effects
A: permanent stasis, dig shafts and tunnels, antennae 3, four strong arms
a: Dig, Shaft Self, Renounce Religion, Heroism, Finesse


You were on level 9 of the Dungeon.
You worshipped Okawaru.
Okawaru was greatly pleased with you.
You visited 2 branches of the dungeon, and saw 10 of its levels.
You also visited: Ossuary.

You collected 431 gold pieces.
You spent 138 gold pieces at shops.

Inventory:

Hand Weapons
 a - a +4 hand axe of chaos (weapon)
 b - a +1 hand axe of flaming
Armour
 c - a +1 buckler (worn)
 e - a +0 cloak of willpower (worn)
 k - a +0 pair of boots (worn)
 G - the +1 ring mail "Faoll" (worn) {Str+7 Int+2 Dex+4}
   (You found it on level 4 of the Dungeon)

   Str:       It affects your strength (+7).
   Int:       It affects your intelligence (+2).
   Dex:       It affects your dexterity (+4).
Jewellery
 n - a ring of willpower
 x - a ring of positive energy
 F - a ring of poison resistance (right hand)
 J - a ring of resist corrosion (left hand)
Wands
 d - a wand of digging (3)
 r - a wand of flame (5)
 s - a wand of polymorph (14)
Scrolls
 f - a scroll of immolation
 i - a scroll of magic mapping
 j - a scroll of fog
 l - a scroll of silence
 u - a scroll of amnesia
 z - 4 scrolls of enchant armour
 C - a scroll of fear
Potions
 g - a potion of resistance
 h - a potion of berserk rage
 m - a potion of mutation
 o - 7 potions of curing
 p - a potion of magic {unknown}
 q - 4 potions of flight
 t - a potion of ambrosia {unknown}
 v - 2 potions of lignification
 w - a potion of haste {unknown}
 A - 2 potions of might
 B - 4 potions of heal wounds
 D - 2 potions of attraction {unknown}


   Skills:
 + Level 8.7 Fighting
 + Level 7.6 Axes
 + Level 8.7 Armour
 + Level 6.5 Dodging
 + Level 9.5 Shields


You had 10 spell levels left.
You didn't know any spells.
Your spell library contained the following spells:

 Spells                   Type           Power      Damage    Failure   Level
 Magic Dart               Conj           0%         1d3       50%         1
 Searing Ray              Conj           0%         2d4       65%         2
 Gell's Gravitas          Tloc           0%         N/A       86%         3
 Teleport Other           Tloc           0%         N/A       86%         3
 Fulminant Prism          Conj/Hex       0%         3d6       99%         4
 Dispersal                Tloc           0%         N/A       100%        6


Dungeon Overview and Level Annotations

Branches:
Dungeon (9/15)             Temple (1/1) D:6         Ossuary (visited)
   Lair: D:8-11         Orc: D:9-12

Altars:
Ashenzari
Cheibriados
Dithmenos
Elyvilon
Fedhas
Gozag
Hepliaklqana
Kikubaaqudgha
Makhleb
Nemelex Xobeh
Okawaru
Qazlal
Ru
Sif Muna
Trog
Uskayaw
Vehumet
Wu Jian
Xom
Yredelemnul
Zin
The Shining One

Shops:
D:1 :   D:2 (   D:3 *   D:7 (   D:9 [

Annotations:
D:4 1 runed translucent door, browni3141's ghost, weakling HODe
D:9 Erolcha


Innate Abilities, Weirdness & Mutations

You cannot be hasted, slowed, berserked, paralysed or teleported.
You can dig through walls and to a lower floor.
You have a pair of large antennae on your head. (SInv)
Your four strong arms can wield two-handed weapons with a shield.


Message History

Erolcha is lightly wounded.
You block Erolcha's attack.
You slash Erolcha!
Erolcha is lightly wounded.
Erolcha misses you.
You hit Erolcha but do no damage.
Erolcha is lightly wounded.
Erolcha closely misses you.
You hit Erolcha but do no damage.
Erolcha is lightly wounded.
Erolcha casts a spell.
Erolcha blinks!
Erolcha points at you and mumbles some strange words.
The fireball explodes!
The fireball engulfs you!
Items here: )))) [[[.
Erolcha tries to grin evilly.
Things that are here:
a +0 whip; an orc corpse You hit Erolcha but do no damage.
Erolcha resists with almost no effort.
Erolcha is lightly wounded.
Erolcha hits you with a +0 giant spiked club!
You barely miss Erolcha.
Erolcha is lightly wounded.
You block Erolcha's attack.
You hit Erolcha. You drain Erolcha.
Erolcha is moderately wounded.
Erolcha screams, "Lunch!"
You block Erolcha's attack.
You hit Erolcha but do no damage.
Erolcha is poisoned.
Erolcha is moderately wounded.
Erolcha misses you.
You hit Erolcha.
Erolcha is moderately wounded.
Erolcha hits you with a +0 giant spiked club!
You are too injured to fight recklessly!
You are too injured to fight recklessly!
You hit Erolcha but do no damage.
Erolcha goes berserk!
Erolcha is moderately wounded.
Erolcha hits you with a +0 giant spiked club!!!
You die...

#########################
...............O@)).....#
##.......###.#####).....#
#..##...# #.# #......#
#..##...# #.# #......#
#..##...# #.# #..(...#
#..##...# #.# #......#
#..##...# #.# #......#
#..##...# #.# #......#
#..##...# #.#


You could see Erolcha (berserk, invisible, very poisoned, drained).

Vanquished Creatures
  Pikel (D:8)
  3 kobold demonologists (D:9)
  An unseen horror (D:8)
  Prince Ribbit (D:7)
  2 hornets
  Eustachio (D:3)
  6 yaks (D:8)
  A wyvern (D:9)
  2 wraiths
  A steam dragon (D:7)
  A water moccasin (D:6)
  An acid dragon (D:5)
  3 black bears
  3 orc warriors
  An ice beast (D:4)
  A necrophage (D:7)
  An ogre (D:7)
  A centaur (D:9)
  3 kobold brigands
  A phantom (D:6)
  A bullfrog (D:7)
  3 scorpions
  4 wights (D:7)
  6 howler monkeys
  4 orc priests
  A bullfrog zombie (D:6)
  A centaur zombie (D:6)
  A hound (D:7)
  A jelly (D:5)
  Jessica (D:3)
  Natasha (thrice) (D:2)
  An iguana (D:6)
  5 orc wizards
  A killer bee zombie (D:6)
  A hound skeleton (D:4)
  3 mummies (Ossuary)
  Robin (D:2)
  A howler monkey skeleton (D:4)
  5 adders
  2 white imps
  3 ufetubi
  An adder skeleton (D:4)
  3 dart slugs
  42 orcs
  5 endoplasms
  3 giant cockroaches (D:4)
  12 goblins
  10 hobgoblins
  4 jackals (D:5)
  2 quokkas (D:1)
  5 ball pythons
  5 bats
  3 frilled lizards
  A gnoll zombie (Ossuary)
  A goblin zombie (Ossuary)
  3 hobgoblin zombies (Ossuary)
  13 kobolds
  2 kobold zombies (Ossuary)
  An orc zombie (Ossuary)
  5 rats
205 creatures vanquished.

Vanquished Creatures (others)
  A fungus (D:4)
  2 plants (D:4)
3 creatures vanquished.

Grand Total: 208 creatures vanquished

Notes
Turn   | Place    | Note
-------+----------+-------------------------------------------
     0 | D:1      | HallandMoats the Formicid Fighter began the quest for the
                  | Orb.
     0 | D:1      | Reached XP level 1. HP: 18/18 MP: 1/1
   284 | D:1      | Found Uqynnor's Book Emporium.
   413 | D:1      | You fall into a shaft and drop 1 floor!
   421 | D:2      | Reached XP level 2. HP: 17/24 MP: 2/2
  1053 | D:1      | Reached XP level 3. HP: 27/27 MP: 3/3
  1506 | D:2      | Noticed Natasha
  1521 | D:2      | Killed Natasha
  1522 | D:2      | Reached skill level 1 in Dodging
  1522 | D:2      | Reached skill level 4 in Shields
  1522 | D:2      | Reached XP level 4. HP: 4/37 MP: 4/4
  2011 | D:2      | Noticed Natasha
  2028 | D:2      | Killed Natasha
  2303 | D:2      | Noticed Natasha
  2307 | D:2      | Found Haulot's Weapon Shop.
  2314 | D:2      | Killed Natasha
  2315 | D:2      | Reached XP level 5. HP: 33/42 MP: 5/5
  2397 | D:2      | Found a shimmering blue altar of Sif Muna.
  2493 | D:2      | Noticed Robin
  2516 | D:2      | Killed Robin
  2977 | D:3      | Found a faded altar of an unknown god.
  3007 | D:3      | Noticed Jessica
  3014 | D:3      | Killed Jessica
  3408 | D:3      | Found Raumar's General Store.
  3451 | D:3      | Reached XP level 6. HP: 36/48 MP: 6/6
  3697 | D:4      | Found a sand-covered staircase.
  3702 | Ossuary  | Entered an ossuary
  3702 | Ossuary  | Noticed a wraith
  3702 | Ossuary  | Noticed a wraith
  3702 | Ossuary  | Noticed a wraith
  4002 | Ossuary  | Noticed a wraith
  4007 | Ossuary  | Killed a wraith
  4008 | Ossuary  | Reached skill level 5 in Shields
  4008 | Ossuary  | Reached XP level 7. HP: 35/55 MP: 7/7
  4581 | D:4      | Noticed Eustachio
  4774 | D:4      | Found a runed translucent door.
  4776 | D:4      | Identified the +1 ring mail "Faoll" {Str+7 Int+2 Dex+4}
  4788 | D:4      | Noticed browni3141's ghost (weakling HODe)
  5047 | D:3      | Killed Eustachio
  5048 | D:3      | Reached skill level 5 in Fighting
  5048 | D:3      | Reached skill level 5 in Armour
  5479 | D:4      | Found an ancient bone altar of Kikubaaqudgha.
  5482 | D:4      | Reached XP level 8. HP: 57/62 MP: 8/8
  5796 | D:5      | Entered Level 5 of the Dungeon
  6636 | D:5      | Reached skill level 6 in Shields
  7976 | D:6      | Reached skill level 5 in Axes
  8113 | D:6      | Found a staircase to the Ecumenical Temple.
  8123 | Temple   | Entered the Ecumenical Temple
  8361 | Temple   | Became a worshipper of Warmaster Okawaru
  8381 | D:6      | Reached XP level 9. HP: 69/69 MP: 9/9
  8600 | D:6      | Reached skill level 7 in Shields
  8800 | D:6      | Reached * piety under Okawaru
  9295 | D:7      | Reached skill level 5 in Dodging
  9398 | D:7      | Reached ** piety under Okawaru
  9538 | D:7      | Found Zusew's Antique Weapon Shop.
  9739 | D:7      | Noticed Prince Ribbit
  9750 | D:7      | Killed Prince Ribbit
  9751 | D:7      | Reached XP level 10. HP: 74/79 MP: 10/10
  9854 | D:8      | Reached skill level 8 in Shields
 10249 | D:8      | Noticed Pikel
 10269 | D:8      | Killed Pikel
 10269 | D:8      | Reached *** piety under Okawaru
 10509 | D:8      | Noticed an unseen horror
 10521 | D:8      | Killed an unseen horror
 10743 | D:8      | Noticed a skeletal warrior
 11624 | D:9      | Found Hungier's Armour Boutique.
 11629 | D:9      | Bought a +0 cloak of willpower for 138 gold pieces
 11694 | D:9      | Reached skill level 9 in Shields
 12151 | D:9      | Noticed a kobold demonologist
 12151 | D:9      | Noticed a kobold demonologist
 12151 | D:9      | Noticed a kobold demonologist
 12157 | D:9      | Noticed a sun demon
 12164 | D:9      | Noticed an ice devil
 12165 | D:9      | Killed a kobold demonologist
 12165 | D:9      | Reached **** piety under Okawaru
 12166 | D:9      | Reached XP level 11. HP: 77/87 MP: 11/11
 12275 | D:9      | Noticed Erolcha
 12307 | D:9      | Mangled by Erolcha

Illustrated notes

Levels and vault maps discovered:
D:1:      lightli_arrival_quake, layout_rooms, serial_shops,
          nicolae_shop_temple_entry_statues_fountains, st_stairs_8,
          minmay_split_cup_small
D:2:      layout_basic, serial_shops, shop, basic_altar, st_stairs_14,
          uniq_robin, uniq_natasha
D:3:      layout_loops_ring, serial_shops, nicolae_shop_hallway_stairs,
          hellmonk_ecumenical_altar_heavens_door, st_stairs_2, uniq_jessica
D:4:      layout_cave_pools, mainiacjoe_overflow_boulevard,
          nicolae_ossuary_entry_ruins, ebering_ghost_sewer_d, serial_forest,
          infiniplex_forest_clump_diagonal, infiniplex_forest_clump_tiny,
          infiniplex_forest_lined_2, infiniplex_forest_clump_tiny,
          infiniplex_forest_end_1, infiniplex_forest_zigzag_1,
          infiniplex_forest_lined_corner, infiniplex_forest_end_double,
          st_stairs_9, uniq_eustachio
D:5:      layout_basic
D:6:      layout_rooms, minmay_temple_entry_water_ring
D:7:      layout_rooms, serial_shops, nicolae_shop_crystal,
          hangedman_abyss_or_decor_slice, uniq_prince_ribbit1
D:8:      layout_loops_ring, kennysheep_island_fort, uniq_pikel
D:9:      layout_long_grid, serial_shops, nicolae_stop_n_shop_2, uniq_erolcha
Temple:   mainiacjoe_temple_hex_bubbles

Skill      XL: |  1  2  3  4  5  6  7  8  9 10 |
---------------+-------------------------------+-----
Dodging        | 1 2 3 4 5 6 |  6.5
Shields        | 4 5 6 7 9 |  9.5
Fighting       | 4 5 6 7 8 |  8.7
Armour         | 4 5 6 7 8 |  8.7
Axes           | 3 4 5 6 7 |  7.6

Action                   |  1- 3 |  4- 6 |  7- 9 | 10-12 || total
-------------------------+-------+-------+-------+-------++-------
Melee: War axe           |    86 |   131 |   193 |       ||   410
       Unarmed           |       |     4 |       |       ||     4
       Hand axe          |       |       |   163 |   187 ||   350
Invok: Heroism           |       |       |       |     1 ||     1
  Use: Potion            |     1 |     1 |       |       ||     2
       Scroll            |       |       |    13 |     8 ||    21
 Stab: Confused          |       |       |     3 |     2 ||     5
       Paralysed         |       |       |     3 |     2 ||     5
Armor: Scale mail        |    49 |    53 |    43 |       ||   145
       Skin              |       |     2 |       |       ||     2
       Ring mail         |       |       |   112 |    41 ||   153
Dodge: Dodged            |    42 |    52 |   277 |    81 ||   452
Block: Buckler           |    26 |    36 |   148 |    64 ||   274
